Map: Emerald City LE

Players

fiddlermcgee

  • Race: Terran Terran
  • Spawn Location: 5:00

Subwayeatn

  • Race: Zerg Zerg
  • Spawn Location: 5:00

Tex

  • Race: Terran Terran
  • League: Gold
  • Spawn Location: 11:00

DavidSSure

  • Race: Protoss Protoss
  • League: Gold
  • Spawn Location: 11:00

VOD

Have the link to the VOD?

Description

Time

  • Played on: Oct. 19, 2019, 10:21 p.m.
  • Length: 12:10
Show
View Real Time Build Order
Export as new Build Order

fiddlermcgee Terran 

Build Orders:  

Get SALT Encoding   

  12  0:49  SCV  
  13  1:01  SCV  
  14  1:13  SCV  
  15  4:34  Supply Depot  
  15  4:55  SCV  
  15  4:56  Supply Depot  
  16  5:07  SCV  
  17  5:20  Supply Depot, SCV  
  18  5:32  SCV  
  18  5:34  Refinery  
  19  5:43  Supply Depot  
  19  5:44  SCV  
  20  5:56  SCV  
  21  5:58  Refinery  
  21  6:20  Barracks  
  21  6:31  SCV  
  22  6:43  SCV  
  23  6:55  SCV  
  24  7:05  Supply Depot  
  24  7:08  Barracks  
  24  7:10  Barracks Reactor  
  24  7:28  Supply Depot  
  24  7:48  Orbital Command  
  24  7:49  Command Center  
  24  7:53  Marine x2  
  24  7:57  Barracks Tech Lab  
  26  8:01  Engineering Bay  
  26  8:11  Marine x2  
  28  8:29  Marine x2  
  30  8:46  Marine  
  30  8:47  Marine  
  32  8:48  Stimpack  
  32  9:08  Factory  
  32  9:11  Marine  
  33  9:21  SCV  
  33  9:23  SCV  
  35  9:27  Marine x2  
  35  9:29  Marine  
  38  9:33  SCV  
  38  9:35  SCV  
  40  9:45  Marine x2, SCV  
  43  9:46  Marine  
  43  9:47  SCV  
  45  9:57  SCV  
  47  10:00  SCV  
  47  10:03  Marine x2  
  47  10:04  Marine  
  50  10:09  SCV  
  50  10:12  SCV  
  52  10:15  Supply Depot  
  52  10:20  Barracks, Marine  
  52  10:21  Factory Tech Lab, Marine  
  54  10:22  Marine, SCV  
  54  10:24  SCV  
  54  10:28  Combat Shield  
  57  10:34  Orbital Command  
  57  10:38  Refinery  
  57  10:39  Supply Depot  
  57  10:49  Marine  
  57  10:50  Marine x2  
  60  11:07  Marine x2  
  60  11:08  Marine  
  60  11:09  Barracks  
  63  11:25  Marine x2  
  44  11:26  Marauder  
  43  11:40  Marine  
  43  11:43  Marine x2  
  46  11:47  Marauder  
Show
View Real Time Build Order
Export as new Build Order

Subwayeatn Zerg 

Build Orders: Hatch First 

Get SALT Encoding   

  12  0:01  Drone  
  13  0:08  Drone  
  14  0:35  Hatchery  
  13  0:51  Spawning Pool  
  13  0:55  Drone  
  13  1:03  Extractor  
  12  1:06  Drone  
  13  1:11  Overlord  
  13  1:31  Drone  
  13  1:32  Drone x2  
  16  1:38  Queen  
  18  1:55  Zergling x6  
  18  1:59  Drone  
  22  2:10  Drone x2  
  24  2:24  Queen  
  24  2:29  Overlord  
  25  2:45  Metabolic Boost  
  25  2:50  Overlord  
  25  2:55  Drone x2  
  27  2:59  Lair  
  27  3:06  Drone  
  28  3:21  Zergling x2  
  28  3:26  Drone  
  30  3:27  Extractor  
  29  3:34  Overlord  
  29  3:47  Drone x3  
  32  3:49  Drone x6  
  32  3:50  Drone x2  
  32  3:51  Drone  
  41  4:04  Extractor  
  41  4:08  Spire  
  41  4:09  Drone  
  40  4:13  Pneumatized Carapace  
  40  4:20  Drone x3  
  43  4:29  Baneling Nest, Drone  
  43  4:36  Hatchery  
  42  4:43  Zergling x6  
  45  4:50  Drone x4  
  49  4:57  Evolution Chamber  
  49  4:58  Extractor  
  49  4:59  Drone  
  48  5:00  Evolution Chamber  
  48  5:06  Drone  
  48  5:11  Drone  
  49  5:21  Overlord  
  49  5:23  Overlord  
  49  5:24  Overlord x2  
  49  5:31  Zerg Ground Armor Level 1, Zerg Melee Weapons Level 1  
  49  5:33  Zerg Flyer Weapons Level 1  
  49  5:37  Drone  
  49  5:43  Spore Crawler  
  49  5:44  Spore Crawler  
  49  5:46  Spore Crawler  
  49  5:48  Spore Crawler  
  40  5:56  Queen  
  38  6:06  Queen  
  40  6:12  Drone x3  
  43  6:19  Mutalisk  
  45  6:31  Spore Crawler x2  
  43  6:42  Overlord  
  43  6:43  Overlord x2  
  43  6:56  Drone x5  
  48  7:07  Mutalisk  
  48  7:08  Mutalisk  
  52  7:18  Mutalisk x2  
  55  7:23  Drone x3  
  57  7:30  Mutalisk  
  59  7:52  Zerg Flyer Weapons Level 2  
  59  7:54  Hatchery  
  58  8:00  Queen  
  60  8:07  Drone x2  
  60  8:08  Drone  
  60  8:10  Extractor  
  60  8:12  Mutalisk  
  64  8:25  Centrifugal Hooks  
  64  8:32  Overlord x2  
  64  8:53  Zergling x10  
  64  8:54  Zergling x14  
  71  9:09  Drone x4  
  75  9:12  Drone x4  
  79  9:21  Spore Crawler  
  79  9:22  Spore Crawler  
  77  9:25  Baneling x2  
  77  9:26  Baneling x5  
  77  9:27  Baneling x2  
  77  9:29  Baneling  
  77  9:30  Baneling  
  77  9:31  Baneling  
  77  9:47  Mutalisk x4  
  85  9:56  Spore Crawler  
  85  9:57  Spore Crawler  
  83  10:02  Spine Crawler  
  82  10:08  Mutalisk  
  82  10:09  Mutalisk x2  
  84  10:31  Mutalisk  
  84  10:32  Mutalisk  
  84  10:43  Mutalisk x2  
  84  10:45  Overlord x2  
  84  10:46  Overlord x2  
  86  10:52  Corruptor  
  76  11:13  Zergling x2  
  76  11:14  Zergling x10  
  76  11:18  Zergling x18  
  75  11:38  Baneling x4  
  75  11:39  Baneling x6  
  64  11:40  Baneling x6  
  64  11:41  Baneling x6  
  64  11:46  Zergling x2  
  66  11:47  Zergling x2  
Show
View Real Time Build Order
Export as new Build Order

Tex Terran 

Build Orders:  

Get SALT Encoding   

  12  0:03  SCV  
  13  0:16  SCV  
  14  0:28  SCV  
  15  0:30  Refinery  
  15  0:31  Supply Depot  
  15  0:53  SCV  
  15  0:54  Barracks  
  16  1:05  SCV  
  17  1:17  SCV  
  18  1:29  SCV  
  19  1:41  SCV  
  19  1:43  Reaper  
  21  1:50  Command Center  
  21  1:53  Orbital Command  
  21  2:02  Supply Depot  
  21  2:21  SCV  
  22  2:25  Barracks Reactor  
  22  2:29  Bunker  
  22  2:33  SCV  
  22  2:44  Supply Depot  
  22  2:45  SCV  
  23  2:57  SCV  
  24  3:02  Orbital Command  
  24  3:03  Barracks  
  24  3:09  SCV  
  24  3:11  Refinery  
  25  3:14  Marine x2  
  27  3:21  SCV  
  27  3:24  Supply Depot  
  28  3:32  Marine x2  
  28  3:33  SCV  
  31  3:35  Supply Depot, SCV  
  31  3:39  Engineering Bay  
  32  3:45  SCV  
  32  3:47  Factory, SCV  
  34  3:53  Barracks Tech Lab  
  34  3:55  Marine  
  34  3:58  SCV  
  34  3:59  SCV  
  37  4:10  SCV  
  37  4:11  SCV  
  39  4:17  Command Center  
  39  4:19  Marine  
  39  4:21  Marine  
  39  4:22  SCV  
  39  4:23  Marine, SCV  
  44  4:31  Supply Depot  
  44  4:34  Terran Infantry Armor Level 1  
  44  4:37  Missile Turret  
  44  4:38  SCV x2  
  46  4:39  Marine  
  46  4:41  Factory Tech Lab  
  47  4:46  Stimpack  
  47  4:50  Starport, SCV  
  47  4:51  SCV  
  49  4:55  Supply Depot  
  49  5:02  Marine  
  49  5:03  Marine, Marauder  
  53  5:09  Siege Tank  
  53  5:13  SCV x2  
  58  5:18  Refinery  
  58  5:20  Marine  
  59  5:24  Marauder  
  59  5:25  SCV x2  
  63  5:34  Armory  
  63  5:38  SCV x2  
  63  5:40  Missile Turret  
  65  5:50  SCV x2, Barracks, Supply Depot  
  65  5:53  Siege Tank  
  65  5:54  Refinery  
  70  5:57  Orbital Command  
  70  6:02  SCV  
  70  6:04  Marauder  
  73  6:11  Starport Reactor  
  73  6:13  Command Center, SCV  
  73  6:15  SCV  
  75  6:21  Supply Depot  
  75  6:23  Marine x2  
  75  6:25  Marauder, SCV  
  80  6:27  SCV  
  81  6:36  Supply Depot  
  81  6:37  SCV  
  81  6:39  SCV  
  83  6:42  Siege Tank  
  86  6:49  SCV  
  86  6:51  SCV  
  86  6:53  Marine x2, Marauder  
  93  6:55  Barracks Reactor  
  93  6:58  Barracks  
  93  7:00  Supply Depot  
  92  7:02  SCV  
  92  7:03  SCV  
  92  7:06  Medivac x2  
  98  7:10  Marine x2  
  98  7:11  Factory  
  98  7:14  Marine, SCV  
  98  7:15  SCV, Supply Depot  
  103  7:16  Terran Vehicle Weapons Level 1  
  103  7:25  Combat Shield  
  103  7:26  SCV  
  103  7:27  SCV  
  103  7:28  Marine x2  
  107  7:32  Marauder  
  109  7:38  SCV  
  109  7:39  SCV  
  109  7:40  Planetary Fortress  
  111  7:46  Marine x2  
  111  7:48  SCV  
  111  7:50  SCV  
  115  7:51  SCV  
  115  7:53  Marine x2  
  115  7:54  Marauder  
  115  7:57  Barracks Tech Lab  
  120  8:00  SCV  
  120  8:04  Marine x2  
  123  8:11  Marine x2  
  125  8:15  Marauder  
  125  8:18  SCV x4  
  125  8:19  Missile Turret  
  131  8:22  Marine x2, Missile Turret  
  131  8:24  Missile Turret  
  133  8:28  Missile Turret, Supply Depot  
  133  8:29  Marine x2  
  133  8:30  SCV x4  
  133  8:31  Missile Turret  
  139  8:36  Marauder  
  139  8:37  Marine  
  139  8:39  Marine  
  139  8:40  Marine  
  144  8:46  Marine  
  144  8:47  Command Center, Marine  
  146  8:49  Concussive Shells  
  146  8:56  Factory Tech Lab, Marauder  
  146  8:57  Barracks, Marine x2  
  146  8:58  Marauder  
  152  9:04  Marine x2, Siege Tank  
  157  9:11  Terran Infantry Armor Level 2  
  157  9:14  Engineering Bay  
  157  9:19  Supply Depot  
  157  9:20  Marine x3, Marauder  
  157  9:21  Missile Turret  
  157  9:22  Marine  
  163  9:40  Medivac x2, Siege Tank  
  163  9:41  Supply Depot  
  163  9:44  Marauder  
  172  9:51  Marine x5, Siege Tank, Terran Vehicle And Ship Armor Level 1  
  180  10:00  Armory  
  180  10:03  Supply Depot  
  180  10:04  Supply Depot  
  180  10:05  Marine  
  181  10:09  Marine x5  
  181  10:12  Orbital Command, Siege Tank  
  189  10:18  Medivac x2  
  193  10:22  Refinery, Marine, SCV x2  
  193  10:27  Marine x4  
  200  10:40  Command Center  
  200  10:54  Command Center, Factory  
  200  11:02  Starport  
  172  11:27  Marine  
  172  11:28  Marauder x2, Marine x3  
  180  11:39  Command Center  
  180  11:45  Marine  
  180  11:46  Marine x3  
  184  11:49  Marine x2  
Show
View Real Time Build Order
Export as new Build Order

DavidSSure Protoss 

Build Orders: Phoenix Opening 

Get SALT Encoding   

  12  0:01  Probe (Chrono Boost)  
  13  0:11  Probe (Chrono Boost)  
  14  0:17  Probe  
  15  0:23  Pylon  
  15  0:36  Assimilator  
  15  0:41  Probe  
  16  0:49  Gateway  
  16  0:53  Probe (Chrono Boost)  
  17  1:02  Pylon  
  17  1:05  Probe (Chrono Boost)  
  18  1:12  Assimilator  
  18  1:14  Probe (Chrono Boost)  
  19  1:23  Probe  
  20  1:35  Probe  
  20  1:39  Cybernetics Core  
  21  1:47  Probe  
  21  1:53  Zealot  
  24  1:59  Probe  
  25  2:12  Probe  
  26  2:20  Stargate  
  26  2:21  Stargate  
  26  2:24  Probe  
  27  2:36  Probe  
  28  2:39  Warp Gate  
  28  2:48  Probe  
  29  3:10  Pylon  
  31  3:23  Pylon  
  29  3:40  Nexus  
  29  3:45  Phoenix x2 (Chrono Boost)  
  33  4:01  Pylon  
  33  4:03  Probe  
  33  4:07  Phoenix x2 (Chrono Boost)  
  38  4:14  Pylon  
  38  4:16  Assimilator  
  38  4:19  Assimilator  
  38  4:25  Phoenix  
  40  4:34  Phoenix  
  42  4:39  Probe  
  43  4:52  Phoenix, Probe  
  46  4:58  Zealot  
  48  5:04  Probe  
  48  5:24  Zealot  
  48  5:25  Gateway  
  48  5:28  Gateway  
  50  5:29  Gateway  
  46  6:52  Zealot x3  
  52  6:55  Probe (Chrono Boost)  
  53  7:01  Zealot  
  53  7:04  Probe (Chrono Boost)  
  56  7:15  Twilight Council  
  56  7:28  Zealot  
  56  7:29  Zealot x2  
  60  7:30  Zealot  
  62  7:47  Fleet Beacon  
  62  7:51  Charge (Chrono Boost)  
  62  8:01  Protoss Air Weapons Level 1, Nexus  
  62  8:02  Void Ray x2 (Chrono Boost)  
  70  8:09  Pylon  
  70  8:11  Pylon  
  70  8:13  Pylon x2  
  70  8:21  Templar Archives  
  70  8:26  Probe  
  70  8:27  Probe  
  70  8:29  Phoenix x2 (Chrono Boost)  
  76  8:38  Assimilator, Probe  
  76  8:39  Probe  
  78  8:42  Assimilator  
  78  8:43  Forge  
  78  8:45  Forge  
  78  8:47  Phoenix  
  80  9:29  Probe  
  80  9:30  Protoss Ground Armor Level 1 (Chrono Boost)  
  80  9:31  Protoss Ground Weapons Level 1 (Chrono Boost)  
  81  9:32  Probe  
  81  9:33  Probe  
  81  9:36  Zealot x3  
  81  9:37  Zealot  
  91  9:41  Probe  
  91  9:45  Probe  
  93  9:50  Tempest (Chrono Boost)  
  93  9:53  Probe  
  104  10:00  Tempest (Chrono Boost), Photon Cannon  
  104  10:02  Pylon  
  104  10:04  Pylon, Probe (Chrono Boost)  
  105  10:16  Probe (Chrono Boost)  
  106  10:21  Probe (Chrono Boost)  
  85  11:45  Probe (Chrono Boost)  
  85  11:55  Probe (Chrono Boost)  
  85  12:00  Pylon  
  83  12:03  Pylon  
  83  12:06  Nexus  
Tags
 
Add a new tag
Caveats
  • Supply blocks, unpowered buildings, or Contaminate may cause inaccurate times.
  • Supply counts are checked every 10 seconds.